 Dungeon Crawl Stone Soup version 0.26-a0-1176-g060ceda6a5 (webtiles) character file.

Game seed: 7599451145844401079

2949 lis8215 the Zephyrmancer (level 9, -14/62 HPs)
             Began as a Demigod Air Elementalist on Dec 24, 2020.
             Killed from afar by Joseph (22 damage)
             ... with a bolt of acid
             ... on level 8 of the Dungeon.
             The game lasted 00:21:47 (9908 turns).

lis8215 the Zephyrmancer (Demigod Air Elementalist) Turns: 9908, Time: 00:21:47

Health: -14/62     AC:  7    Str: 11    XL:     9   Next: 27%
Magic:  4/25       EV: 13    Int: 25    God:
Gold:   171        SH:  0    Dex: 26    Spells: 9/24 levels left

rFire    + . .     SeeInvis .   E - +9 staff of Wucad Mu {channel}
rCold    + . .     Faith    .   (no shield)
rNeg     . . .     Spirit   .   a - +0 robe
rPois    .         Reflect  .   L - +2 hat
rElec    .         Harm     .   (no cloak)
rCorr    .         Rampage  .   (no gloves)
Will     .....                  v - +2 pair of boots
Stlth    ++++......             e - amulet of regeneration
HPRegen  0.60/turn              g - +6 ring of dexterity
MPRegen  0.19/turn              M - ring "Joarphiri" {rF+ rC+ Will- Dex+4 Stlth+}

@: very slightly contaminated
A: high mp 1
a: no special abilities


You were on level 8 of the Dungeon.
You visited 1 branch of the dungeon, and saw 8 of its levels.
You also visited: Ossuary.

You collected 450 gold pieces.
You spent 279 gold pieces at shops.

Inventory:

Hand Weapons
 k - a +4 long sword
 E - the +9 staff of Wucad Mu (weapon) {channel}
   (You took it off an orc on level 4 of the Dungeon)
Armour
 a - a +0 robe (worn)
 v - a +2 pair of boots (worn)
 L - a +2 hat (worn)
Jewellery
 e - an amulet of regeneration (around neck)
 g - a +6 ring of dexterity (left hand)
 M - the ring "Joarphiri" (right hand) {rF+ rC+ Will- Dex+4 Stlth+}
   (You found it on level 7 of the Dungeon)

   [ring of protection from cold]

   It affects your dexterity (+4).
   It protects you from fire.
   It protects you from cold.
   It affects your willpower, your defense against some magical effects.
   It makes you more stealthy.
Wands
 r - a wand of disintegration (10)
 t - a wand of digging (3)
 u - a wand of polymorph (6)
 H - a wand of paralysis (11)
 I - a wand of random effects (19)
Scrolls
 b - 4 scrolls of remove curse
 d - 2 scrolls of fog
 n - 8 scrolls of teleportation
 q - 3 scrolls of blinking
 y - 3 scrolls of amnesia
 z - a scroll of torment {unknown}
 A - 5 scrolls of magic mapping
 C - 2 scrolls of immolation {unknown}
 D - a scroll of silence {unknown}
 J - a scroll of fear
Potions
 f - a potion of heal wounds
 h - 5 potions of brilliance
 l - 2 potions of attraction
 m - a potion of haste
 p - 3 potions of lignification
 w - 7 potions of curing
 x - a potion of mutation
 B - 2 potions of berserk rage {unknown}
 F - a potion of flight {unknown}
 G - 2 potions of invisibility {unknown}
 K - a potion of magic {unknown}


   Skills:
 - Level 1.7 Dodging
 - Level 1.7 Stealth
 - Level 8.0 Spellcasting
 - Level 0.8 Conjurations
 + Level 9.2 Air Magic


You had 9 spell levels left.
You knew the following spells:

 Your Spells              Type           Power        Failure   Level
a - Shock                 Conj/Air       100%         1%          1
b - Swiftness             Air            54%          1%          2
c - Static Discharge      Conj/Air       35%          2%          3
d - Airstrike             Air            27%          1%          4
e - Lightning Bolt        Conj/Air       17%          22%         5

Your spell library contained the following spells:

 Spells                   Type           Power        Failure   Level
 Magic Dart               Conj           56%          4%          1
 Searing Ray              Conj           28%          6%          2
 Dazzling Flash           Conj/Hex       24%          16%         3
 Fulminant Prism          Conj/Hex       6%           45%         4
 Iskenderun's Mystic Bla  Conj/Tloc      12%          45%         4


Dungeon Overview and Level Annotations

Branches:
Dungeon (8/15)             Temple (0/1) D:6         Ossuary (visited)
   Lair: D:8-11

Shops:
D:5 ?

Annotations:
D:8 Joseph


Innate Abilities, Weirdness & Mutations

You have an increased reservoir of magic. (+10% MP)


Message History

Aiming: Lightning Bolt (quite dangerous; 22% risk of failure)
Press: ? - help, Shift-Dir - straight line, f/p - Joseph
Aim: Joseph, wielding a +0 hunting sling, wearing a +2 ring mail of fire resistance, quivering 27 sling bullets and carrying a wand of acid (5) (moderately wounded, 35% to evade)
You hear a mighty clap of thunder!
The bolt of lightning misses Joseph.
The bolt of lightning hits Joseph!
Joseph is heavily wounded.
Joseph shoots a sling bullet.
The sling bullet completely misses you.
Evoke which item? (* to show all) (? for menu, Esc to quit)
Aiming: Disintegrate
Press: ? - help, Shift-Dir - straight line, f/p - Joseph
Aim: Joseph, wielding a +0 hunting sling, wearing a +2 ring mail of fire resistance, quivering 26 sling bullets and carrying a wand of acid (5) (heavily wounded, chance to affect: 48%) Joseph resists with some effort.
Joseph shoots a sling bullet.
The sling bullet hits you!
* * * LOW HITPOINT WARNING * * *
You feel much better. Joseph says, "I'm happy to see you.
And I'll be happy to kill you."
Joseph zaps a wand.
The bolt of acid hits you!
You are splashed with acid!
* * * LOW HITPOINT WARNING * * *
Joseph zaps a wand.
The bolt of acid hits you!!
You die...

#<####### #. #.......# .
## #..####........ . .#
#....# ..##.##.###. .#
##.#.# ..# .....# .#
#.#.##..#####.##.# @#
#...........#.##.# .#
###.#.#.......##.###.#
##.#.#####.#..@.(.@.#
#...........†.#(#.##...#
##.#.#####.#.##.#.#
#.... ###.####.......#.#
##. #...)...#.####.#
#####...#.# #.# #...#..
..# #...#### ### #...#


You could see Joseph.

Vanquished Creatures
  An ugly thing (D:7)
  Prince Ribbit (D:5)
  Eustachio (D:5)
  A wraith (Ossuary)
  Duvessa (D:5)
  A sky beast (D:6)
  A black bear (D:7)
  An ice beast (D:5)
  A phantom (D:5)
  2 ogres (D:4)
  A centaur (D:7)
  4 bullfrogs
  Dowan (D:5)
  A scorpion (D:5)
  5 wights (D:2)
  A howler monkey (D:6)
  3 jellies
  2 orc priests (D:4)
  3 orc wizards
  A bullfrog skeleton (D:7)
  5 worker ants
  A killer bee zombie (D:5)
  A hound skeleton (D:4)
  A mummy (Ossuary)
  9 gnolls
  2 worker ant zombies
  6 adders
  A shadow imp (D:6)
  2 white imps (D:6)
  An ooze (D:3)
  2 adder skeletons
  3 worms (D:2)
  5 dart slugs
  3 leopard geckos
  19 orcs
  A ball python (D:3)
  9 giant cockroaches
  8 goblins
  7 hobgoblins
  14 jackals
  7 quokkas
  9 bats
  4 frilled lizards
  5 gnoll skeletons (Ossuary)
  A jackal skeleton (D:6)
  8 kobolds
  7 kobold skeletons (Ossuary)
  2 leopard gecko skeletons (D:6)
  13 orc skeletons (Ossuary)
  A rat (D:1)
190 creatures vanquished.

Vanquished Creatures (others)
  24 plants (D:3)
24 creatures vanquished.

Grand Total: 214 creatures vanquished

Notes
Turn   | Place    | Note
-------+----------+-------------------------------------------
     0 | D:1      | lis8215 the Demigod Air Elementalist began the quest for
                  | the Orb.
     0 | D:1      | Reached XP level 1. HP: 14/14 MP: 5/5
   178 | D:1      | Reached skill level 3 in Air Magic
   353 | D:1      | Reached XP level 2. HP: 20/20 MP: 2/7
   684 | D:1      | Reached XP level 3. HP: 24/26 MP: 1/8
  1228 | D:2      | Reached skill level 4 in Air Magic
  1228 | D:2      | Reached XP level 4. HP: 19/33 MP: 2/9
  1551 | D:2      | Reached skill level 5 in Air Magic
  1691 | D:2      | Reached XP level 5. HP: 38/38 MP: 1/10
  1858 | D:2      | Learned a level 2 spell: Swiftness
  1863 | D:2      | Learned a level 4 spell: Airstrike
  1920 | D:2      | Reached skill level 6 in Air Magic
  2420 | D:2      | Found a radiant altar of Vehumet.
  2792 | D:3      | Found a shimmering altar of Xom.
  2809 | D:3      | Reached XP level 6. HP: 36/45 MP: 4/12
  3864 | D:4      | Reached skill level 7 in Air Magic
  4050 | D:4      | Found a sand-covered staircase.
  4055 | Ossuary  | Entered an ossuary
  4055 | Ossuary  | Noticed a wraith
  4055 | Ossuary  | Noticed a wraith
  4055 | Ossuary  | Noticed a wraith
  4496 | Ossuary  | Noticed a wraith
  4514 | Ossuary  | Killed a wraith
  4515 | Ossuary  | Reached XP level 7. HP: 34/50 MP: 1/15
  5075 | D:4      | Learned a level 3 spell: Static Discharge
  5811 | D:5      | Entered Level 5 of the Dungeon
  5899 | D:5      | Noticed Duvessa
  5903 | D:5      | Killed Duvessa
  5904 | D:5      | Reached skill level 5 in Spellcasting
  5904 | D:5      | Noticed Dowan
  5925 | D:5      | Killed Dowan
  6052 | D:5      | Found a shimmering altar of Xom.
  6153 | D:5      | Reached XP level 8. HP: 50/57 MP: 2/20
  6471 | D:5      | Found Zablomidd's Magic Scroll Shoppe.
  6474 | D:5      | Bought a scroll of teleportation for 33 gold pieces
  6474 | D:5      | Bought a scroll of blinking for 82 gold pieces
  6474 | D:5      | Bought a scroll of blinking for 82 gold pieces
  6474 | D:5      | Bought a scroll of identify for 22 gold pieces
  6474 | D:5      | Bought a scroll of identify for 22 gold pieces
  6474 | D:5      | Bought a scroll of amnesia for 38 gold pieces
  6592 | D:5      | Noticed Eustachio
  6613 | D:5      | Killed Eustachio
  7219 | D:5      | Noticed Prince Ribbit
  7223 | D:5      | Killed Prince Ribbit
  7572 | D:6      | Found a staircase to the Ecumenical Temple.
  8426 | D:6      | Found a shimmering blue altar of Sif Muna.
  9095 | D:7      | Got a coiled wooden ring
  9139 | D:7      | Noticed a cyan ugly thing
  9147 | D:7      | Killed a cyan ugly thing
  9148 | D:7      | Reached skill level 8 in Air Magic
  9148 | D:7      | Reached XP level 9. HP: 35/62 MP: 1/25
  9154 | D:7      | Learned a level 5 spell: Lightning Bolt
  9367 | D:7      | Reached skill level 9 in Air Magic
  9832 | D:8      | Identified the ring "Joarphiri" {rF+ rC+ Will- Dex+4
                  | Stlth+} (You found it on level 7 of the Dungeon)
  9896 | D:8      | Noticed Joseph
  9902 | D:8      | HP: 3/62 [Joseph/sling bullet (18)]
  9908 | D:8      | Killed from afar by Joseph

Illustrated notes

Levels and vault maps discovered:
D:1:      psy_arrival_basics, layout_loops_ring
D:2:      layout_basic, vehumet_crystals, corexii_shack
D:3:      wad_woods_stonehenge, layout_basic
D:4:      layout_layer_cave, enter_ossuary_2, serial_bayou_pond_a,
          hangedman_decor_lopped
D:5:      layout_basic, serial_shops, kennysheep_mini, basic_altar,
          minmay_fractal_squares_5, uniq_prince_ribbit1, uniq_eustachio,
          uniq_duvessa
D:6:      layout_basic, minmay_temple_entry_tees, kennysheep_doodads,
          led_sif_pool
D:7:      layout_basic, serial_glass, glass_columns_a, glass_columns_b,
          chequers_serial_rivers_small_3
D:8:      layout_loops_cross, uniq_joseph, uniq_psyche

Skill      XL: |  1  2  3  4  5  6  7  8  9 |
---------------+----------------------------+-----
Spellcasting   | 2 3 5 8 |  8.0
Air Magic      | 3 4 5 6 7 8 9 |  9.2
Dodging        | |  1.7
Stealth        | |  1.7
Conjurations   | |  0.8

Action                   |  1- 3 |  4- 6 |  7- 9 || total
-------------------------+-------+-------+-------++-------
Melee: Spear             |    38 |     4 |       ||    42
       Long sword        |       |    37 |       ||    37
       Staff             |       |       |     7 ||     7
       Unarmed           |       |       |    12 ||    12
 Cast: Shock             |    53 |   156 |     7 ||   216
       Airstrike         |       |    10 |   113 ||   123
       Static Discharge  |       |       |     1 ||     1
       Lightning Bolt    |       |       |     1 ||     1
Evoke: Wand              |       |       |     1 ||     1
  Use: Scroll            |     5 |     1 |    14 ||    20
       Potion            |       |     1 |     2 ||     3
 Stab: Sleeping          |     1 |     2 |       ||     3
       Distracted        |     1 |       |       ||     1
Armor: Leather armour    |     6 |       |       ||     6
       Robe              |       |    10 |     3 ||    13
       Skin              |       |       |     4 ||     4
Dodge: Dodged            |    25 |    36 |    15 ||    76
       Rpst.: Long sword |       |    14 |       ||    14

Table legend: (Time is in decaauts)
 A = Elapsed time spent in this place.
 B = Non-inter-level travel time spent in this place.
 C = Inter-level travel time spent in this place.
 D = Time resting spent in this place.
 E = Time spent auto-exploring this place.
 F = Levels seen in this place.
 G = Mean time per level.
                   A        B        C        D        E       F      G
               +--------+--------+--------+--------+--------+-----+--------+
         Total |   9939 |   9661 |    278 |   1468 |   6597 |   9 | 1104.3 |
       Dungeon |   9373 |   9095 |    278 |   1150 |   6597 |   8 | 1171.6 |
       Ossuary |    566 |    566 |      0 |    318 |      0 |   1 |  566.0 |
               +--------+--------+--------+--------+--------+-----+--------+

Top non-repeatable levels by time:
     D:5: 1699 daAuts
     D:4: 1419 daAuts
     D:1: 1358 daAuts
     D:2: 1317 daAuts
     D:3: 1178 daAuts
     D:6: 1161 daAuts
     D:7: 1044 daAuts
 Ossuary: 566 daAuts
     D:8: 194 daAuts
